Connexion

COLORADO Avalanche vs OTTAWA Senators

Created - 16 janvier 2024 at 05:55

Goals
1 2 3 OT1 SO T
COLORADO Avalanche 1 0 1 0 1 3
OTTAWA Senators 1 1 0 0 0 2
Shots
1 2 3 OT1 SO T
COLORADO Avalanche 8 11 6 3 3 28
OTTAWA Senators 4 2 5 3 3 14

GoalsPenalties
1st period
1. COLORADO Avalanche , Jeff Petry 14 (Artemi Panarin 26, Alexander Wennberg 27) at 16:30 (PP)
2. OTTAWA Senators , John Tavares 24 (Steven Stamkos 33, Alex Tuch 38) at 17:56
Josh Norris (OTT) for Interference (Minor) at 9:34
Charlie McAvoy (OTT) for Boarding (Minor) at 15:36
2nd period
3. OTTAWA Senators , Cale Makar 15 (Charlie McAvoy 42, Josh Norris 17) at 12:29
Maxime Comtois (COL) for High sticking (Minor) at 5:42
3rd period
4. COLORADO Avalanche , Maxime Comtois 3 (Philip Tomasino 10, Martin Frk 11) at 6:03
Overtime #1
No Goal
Shootout
COLORADO Avalanche , Johnny Gaudreau - Shot Misses the Net
OTTAWA Senators, John Tavares - Shot Misses the Net
COLORADO Avalanche , Claude Giroux - Shot Misses the Net
OTTAWA Senators, Alex Tuch - Stopped by Braden Holtby
COLORADO Avalanche , Artemi Panarin - Goal!
OTTAWA Senators, Martin Necas - Stopped by Braden Holtby
Goalie Stats
Braden Holtby (COL), 12 saves from 14 shots - (0,857), W, 26-21-3, 65:00 minutes
Connor Hellebuyck (OTT), 26 saves from 28 shots - (0,929), OTL, 26-18-4, 65:00 minutes
3 StarsOfficial
1 - Cale Makar (OTT)
2 - Maxime Comtois (COL)
3 - Jeff Petry (COL)
Referees : Dan O'Rourke and Dan Marouelli
Linesman : Brian Murphy and Pierre Racicot
Game Note
No Game Note
Finance
Level 1 -- Attendance: 5908 (98,47%) -- Ticket Income $738,500
Level 2 -- Attendance: 5518 (89,68%) -- Ticket Income $358,670
Level 3 -- Attendance: 2000 (100,00%) -- Ticket Income $100,000
Level 4 -- Attendance: 3306 (82,65%) -- Ticket Income $132,240
Luxury Box -- Attendance: 1000 (100,00%) -- Ticket Income $240,000
Game was played at the Scotiabank Place.
Total Attendance: 17732 (92,58%)
Total Ticket Income: $1,569,410
Other Income: $313,882
Total Income: $1,883,292



Team Name Goals Shots Shots Attemp Shots Blocked PIM HIT PP PK FO%
COLORADO Avalanche 3286182211 / 2 (50%)049%
OTTAWA Senators 2144074170 / 1 (0%)151%

COLORADO Avalanche
Player Name POS G A P +/- PIM HIT SHT SB MP PP MP PP SHT PK MP PK SHT FO% FOT
Adam RuzickaC000001006:090:0000:00025% 4
Alexander WennbergC011-1004022:211:2300:30050% 26
Anthony ManthaLW/RW0000022117:211:3020:0000% 0
Anze KopitarC000-1001016:460:0000:0000% 1
Artemi PanarinLW011-1012018:391:2300:30033% 3
Brenden DillonD0001030219:040:0000:0000% 0
Christian DjoosD000-2004022:351:2411:0300% 0
Claude GirouxC/LW/RW0000004017:181:3001:29073% 15
Glenn GawdinC/LW000000006:090:0000:0000% 1
Jeff Petry D101-2032122:351:2421:0300% 0
Johnny GaudreauLW0000013023:181:3001:20067% 3
Martin FrkRW0110000119:171:2300:00050% 2
Maxime ComtoisLW1010252021:210:0000:0000% 1
Nikita TryamkinD0001020217:050:0000:0000% 0
Noah DobsonD0000022020:201:2900:5600% 0
Oliver KylingtonD0000010123:211:2900:5600% 0
Philip TomasinoC0110002019:210:0000:09041% 22
Sebastien ReppoRW000000000:000:0000:0000% 0
OTTAWA Senators
Player Name POS G A P +/- PIM HIT SHT SB MP PP MP PP SHT PK MP PK SHT FO% FOT
Adrian KempeC/LW/RW0001032019:340:3700:0000% 0
Alex TuchC/RW0110010021:121:2201:54050% 2
Alexander EdlerD0000011216:440:0000:4000% 0
Barrett HaytonC/LW0000000012:590:0000:0000% 0
Cale MakarD1012002225:451:2201:2500% 0
Charlie McAvoyD0112221021:501:2200:4500% 0
Evan BouchardD0000000116:040:0000:0000% 0
Filip ChytilC0000000012:590:0000:00069% 13
John TavaresC1010005024:341:2201:54054% 24
Josh NorrisC0111230019:330:3700:00035% 20
Mark KastelicC000000106:540:0000:00050% 6
Martin NecasC/RW0001010018:500:3700:5400% 0
Owen TippettLW/RW000000006:540:0000:0000% 0
Peyton KrebsC/LW000000106:590:0000:050100% 1
Robert ThomasC/RW0000000012:590:0000:0000% 1
Steven StamkosC/LW/RW0110031123:391:2200:59055% 11
Travis SanheimD000-1010123:110:3701:2800% 0
Zach WerenskiD000-1020021:250:3701:2800% 0



Play-by-Play

1st period


0:01 of 1st period - Claude Giroux wins face-off versus John Tavares in neutral zone.
0:16 of 1st period - Shot by Johnny Gaudreau.
0:16 of 1st period - Shot Misses the Net.
1:31 of 1st period - Shot by Anze Kopitar.
1:31 of 1st period - Stopped by Connor Hellebuyck without a rebound.
1:32 of 1st period - Philip Tomasino wins face-off versus Josh Norris in OTTAWA Senators zone.
1:35 of 1st period - Shot by Martin Frk.
1:35 of 1st period - Shot Misses the Net.
2:09 of 1st period - Brenden Dillon is hit by Josh Norris and loses puck.
2:46 of 1st period - Shot by Johnny Gaudreau.
2:46 of 1st period - Shot Misses the Net.
2:58 of 1st period - Shot by Barrett Hayton.
2:58 of 1st period - Shot Blocked by Jeff Petry .
3:00 of 1st period - Shot by Barrett Hayton.
3:00 of 1st period - Shot Misses the Net.
3:09 of 1st period - Barrett Hayton is hit by Jeff Petry and loses puck.
3:31 of 1st period - Off-side.
3:32 of 1st period - Peyton Krebs wins face-off versus Alexander Wennberg in neutral zone.
4:07 of 1st period - Shot by Artemi Panarin.
4:07 of 1st period - Shot Misses the Net.
4:42 of 1st period - Shot by Adrian Kempe.
4:42 of 1st period - Shot Blocked by Nikita Tryamkin.
4:50 of 1st period - Shot by Maxime Comtois.
4:50 of 1st period - Shot Misses the Net.
6:39 of 1st period - Artemi Panarin is hit by Zach Werenski and loses puck.
6:55 of 1st period - Icing by Travis Sanheim.
6:56 of 1st period - Filip Chytil wins face-off versus Philip Tomasino in OTTAWA Senators zone.
7:11 of 1st period - Shot by Robert Thomas.
7:11 of 1st period - Deflect By Barrett Hayton.
7:11 of 1st period - Shot Misses the Net.
7:52 of 1st period - Shot by Peyton Krebs.
7:52 of 1st period - Shot Misses the Net.
7:54 of 1st period - Shot by Owen Tippett.
7:54 of 1st period - Shot Misses the Net.
7:58 of 1st period - Shot by Peyton Krebs.
7:58 of 1st period - Shot Blocked by Martin Frk.
8:18 of 1st period - Shot by Peyton Krebs.
8:18 of 1st period - Stopped by Braden Holtby without a rebound.
8:19 of 1st period - Claude Giroux wins face-off versus John Tavares in COLORADO Avalanche zone.
8:48 of 1st period - Shot by Claude Giroux.
8:48 of 1st period - Shot Misses the Net.
8:50 of 1st period - Shot by Johnny Gaudreau.
8:50 of 1st period - Stopped by Connor Hellebuyck without a rebound.
8:51 of 1st period - Alexander Wennberg wins face-off versus Josh Norris in OTTAWA Senators zone.
8:51 of 1st period - Alexander Wennberg is hit by Charlie McAvoy.
8:55 of 1st period - Shot by Artemi Panarin.
8:55 of 1st period - Shot Blocked by Cale Makar.
9:02 of 1st period - Icing by Cale Makar.
9:03 of 1st period - Josh Norris wins face-off versus Anze Kopitar in OTTAWA Senators zone.
9:21 of 1st period - Anze Kopitar is hit by Martin Necas and loses puck.
9:30 of 1st period - Alexander Wennberg is hit by Adrian Kempe and loses puck.
9:34 of 1st period - Minor Penalty to Josh Norris for Interference.
9:35 of 1st period - Claude Giroux wins face-off versus Alex Tuch in OTTAWA Senators zone.
9:42 of 1st period - Shot by Jeff Petry .
9:42 of 1st period - Stopped by Connor Hellebuyck with a rebound.
9:44 of 1st period - Shot by Christian Djoos.
9:44 of 1st period - Shot Misses the Net.
9:54 of 1st period - Shot by Christian Djoos.
9:54 of 1st period - Stopped by Connor Hellebuyck with a rebound.
9:56 of 1st period - Shot by Anthony Mantha.
9:56 of 1st period - Shot Misses the Net.
10:53 of 1st period - Icing by Alexander Wennberg.
10:54 of 1st period - John Tavares wins face-off versus Alexander Wennberg in COLORADO Avalanche zone.
11:34 of 1st period - Christian Djoos is hit by Alexander Edler and loses puck.
12:08 of 1st period - Shot by Johnny Gaudreau.
12:08 of 1st period - Shot Misses the Net.
12:11 of 1st period - Icing by Alexander Edler.
12:12 of 1st period - Filip Chytil wins face-off versus Philip Tomasino in OTTAWA Senators zone.
13:33 of 1st period - Shot by Anze Kopitar.
13:33 of 1st period - Shot Misses the Net.
14:37 of 1st period - Shot by Adrian Kempe.
14:37 of 1st period - Stopped by Braden Holtby without a rebound.
14:38 of 1st period - Mark Kastelic wins face-off versus Philip Tomasino in COLORADO Avalanche zone.
14:49 of 1st period - Shot by Peyton Krebs.
14:49 of 1st period - Shot Misses the Net.
14:52 of 1st period - Icing by Christian Djoos.
14:53 of 1st period - Martin Frk wins face-off versus Steven Stamkos in COLORADO Avalanche zone.
14:53 of 1st period - Martin Frk is hit by Steven Stamkos.
14:56 of 1st period - Icing by Christian Djoos.
14:57 of 1st period - John Tavares wins face-off versus Philip Tomasino in COLORADO Avalanche zone.
15:11 of 1st period - Icing by Jeff Petry .
15:12 of 1st period - Josh Norris wins face-off versus Philip Tomasino in COLORADO Avalanche zone.
15:16 of 1st period - Martin Necas is hit by Jeff Petry and loses puck.
15:26 of 1st period - Icing by Christian Djoos.
15:27 of 1st period - Philip Tomasino wins face-off versus John Tavares in COLORADO Avalanche zone.
15:27 of 1st period - Philip Tomasino is hit by Steven Stamkos.
15:36 of 1st period - Minor Penalty to Charlie McAvoy for Boarding.
15:37 of 1st period - John Tavares wins face-off versus Claude Giroux in OTTAWA Senators zone.
15:48 of 1st period - Shot by Johnny Gaudreau.
15:48 of 1st period - Shot Blocked by Cale Makar.
15:50 of 1st period - Shot by Anthony Mantha.
15:50 of 1st period - Shot Misses the Net.
15:52 of 1st period - Shot by Oliver Kylington.
15:52 of 1st period - Shot Misses the Net.
15:54 of 1st period - Shot by Anthony Mantha.
15:54 of 1st period - Stopped by Connor Hellebuyck with a rebound.
16:04 of 1st period - Shot by Anthony Mantha.
16:04 of 1st period - Shot Misses the Net.
16:06 of 1st period - Shot by Anthony Mantha.
16:06 of 1st period - Stopped by Connor Hellebuyck without a rebound.
16:07 of 1st period - Alex Tuch wins face-off versus Alexander Wennberg in OTTAWA Senators zone.
16:30 of 1st period - Shot by Jeff Petry .
16:30 of 1st period - Goal by Jeff Petry - COLORADO Avalanche : 1 - OTTAWA Senators : 0.
16:31 of 1st period - Claude Giroux wins face-off versus Josh Norris in neutral zone.
17:56 of 1st period - Shot by Steven Stamkos.
17:56 of 1st period - Deflect By John Tavares.
17:56 of 1st period - Goal by John Tavares - COLORADO Avalanche : 1 - OTTAWA Senators : 1.
17:57 of 1st period - Filip Chytil wins face-off versus Philip Tomasino in neutral zone.
17:59 of 1st period - Evan Bouchard is hit by Brenden Dillon and loses puck.
18:08 of 1st period - Shot by Alexander Edler.
18:08 of 1st period - Stopped by Braden Holtby without a rebound.
18:09 of 1st period - Artemi Panarin wins face-off versus Mark Kastelic in COLORADO Avalanche zone.
18:14 of 1st period - Shot by Christian Djoos.
18:14 of 1st period - Stopped by Connor Hellebuyck with a rebound.
18:25 of 1st period - Icing by Charlie McAvoy.
18:26 of 1st period - Mark Kastelic wins face-off versus Philip Tomasino in OTTAWA Senators zone.
19:10 of 1st period - Icing by Brenden Dillon.
19:11 of 1st period - John Tavares wins face-off versus Philip Tomasino in COLORADO Avalanche zone.
Goals for this period are 1 for COLORADO Avalanche vs 1 for OTTAWA Senators.
Shots for this period are 8 for COLORADO Avalanche vs 4 for OTTAWA Senators.

2nd period


0:01 of 2nd period - Claude Giroux wins face-off versus John Tavares in neutral zone.
0:01 of 2nd period - Claude Giroux is hit by Alex Tuch.
0:38 of 2nd period - Claude Giroux is hit by Charlie McAvoy and loses puck.
0:43 of 2nd period - Shot by Johnny Gaudreau.
0:43 of 2nd period - Stopped by Connor Hellebuyck without a rebound.
0:44 of 2nd period - Alexander Wennberg wins face-off versus Josh Norris in OTTAWA Senators zone.
0:47 of 2nd period - Shot by Artemi Panarin.
0:47 of 2nd period - Shot Misses the Net.
0:50 of 2nd period - Icing by Alexander Edler.
0:51 of 2nd period - Alexander Wennberg wins face-off versus Josh Norris in OTTAWA Senators zone.
0:55 of 2nd period - Icing by Alexander Edler.
0:56 of 2nd period - Alexander Wennberg wins face-off versus Josh Norris in OTTAWA Senators zone.
2:15 of 2nd period - Shot by Claude Giroux.
2:15 of 2nd period - Stopped by Connor Hellebuyck without a rebound.
2:16 of 2nd period - Philip Tomasino wins face-off versus Filip Chytil in OTTAWA Senators zone.
2:39 of 2nd period - Shot by Filip Chytil.
2:39 of 2nd period - Shot Misses the Net.
2:41 of 2nd period - Shot by Filip Chytil.
2:41 of 2nd period - Shot Misses the Net.
3:30 of 2nd period - Shot by Claude Giroux.
3:30 of 2nd period - Stopped by Connor Hellebuyck without a rebound.
3:31 of 2nd period - Josh Norris wins face-off versus Adam Ruzicka in OTTAWA Senators zone.
3:31 of 2nd period - Josh Norris is hit by Adam Ruzicka.
4:03 of 2nd period - Shot by Glenn Gawdin.
4:03 of 2nd period - Shot Misses the Net.
4:55 of 2nd period - Adrian Kempe is hit by Artemi Panarin and loses puck.
5:18 of 2nd period - Shot by Artemi Panarin.
5:18 of 2nd period - Stopped by Connor Hellebuyck with a rebound.
5:24 of 2nd period - Shot by Artemi Panarin.
5:24 of 2nd period - Stopped by Connor Hellebuyck without a rebound.
5:25 of 2nd period - Philip Tomasino wins face-off versus John Tavares in OTTAWA Senators zone.
5:34 of 2nd period - Icing by Charlie McAvoy.
5:35 of 2nd period - John Tavares wins face-off versus Martin Frk in OTTAWA Senators zone.
5:41 of 2nd period - Charlie McAvoy is hit by Maxime Comtois and loses puck.
5:42 of 2nd period - Minor Penalty to Maxime Comtois for High sticking.
5:43 of 2nd period - John Tavares wins face-off versus Johnny Gaudreau in COLORADO Avalanche zone.
6:37 of 2nd period - Icing by Cale Makar.
6:38 of 2nd period - Johnny Gaudreau wins face-off versus John Tavares in OTTAWA Senators zone.
6:46 of 2nd period - Off-side.
6:47 of 2nd period - Josh Norris wins face-off versus Artemi Panarin in neutral zone.
7:02 of 2nd period - Jeff Petry is hit by Adrian Kempe and loses puck.
8:01 of 2nd period - Shot by Philip Tomasino.
8:01 of 2nd period - Deflect By Maxime Comtois.
8:01 of 2nd period - Stopped by Connor Hellebuyck without a rebound.
8:02 of 2nd period - Mark Kastelic wins face-off versus Alexander Wennberg in OTTAWA Senators zone.
8:17 of 2nd period - Shot by Alexander Wennberg.
8:17 of 2nd period - Shot Misses the Net.
9:24 of 2nd period - Icing by Travis Sanheim.
9:25 of 2nd period - Claude Giroux wins face-off versus Mark Kastelic in OTTAWA Senators zone.
9:30 of 2nd period - Shot by Claude Giroux.
9:30 of 2nd period - Shot Misses the Net.
9:52 of 2nd period - Shot by Claude Giroux.
9:52 of 2nd period - Shot Blocked by Travis Sanheim.
9:54 of 2nd period - Shot by Claude Giroux.
9:54 of 2nd period - Stopped by Connor Hellebuyck with a rebound.
10:02 of 2nd period - Shot by Claude Giroux.
10:02 of 2nd period - Stopped by Connor Hellebuyck without a rebound.
10:03 of 2nd period - John Tavares wins face-off versus Philip Tomasino in OTTAWA Senators zone.
10:55 of 2nd period - Off-side.
10:56 of 2nd period - Claude Giroux wins face-off versus Filip Chytil in neutral zone.
11:29 of 2nd period - Shot by Johnny Gaudreau.
11:29 of 2nd period - Shot Misses the Net.
12:17 of 2nd period - Icing by Cale Makar.
12:18 of 2nd period - Philip Tomasino wins face-off versus Josh Norris in OTTAWA Senators zone.
12:27 of 2nd period - Shot by Charlie McAvoy.
12:27 of 2nd period - Shot Misses the Net.
12:29 of 2nd period - Shot by Cale Makar.
12:29 of 2nd period - Goal by Cale Makar - COLORADO Avalanche : 1 - OTTAWA Senators : 2.
12:30 of 2nd period - John Tavares wins face-off versus Adam Ruzicka in neutral zone.
13:21 of 2nd period - Icing by Christian Djoos.
13:22 of 2nd period - Filip Chytil wins face-off versus Adam Ruzicka in COLORADO Avalanche zone.
13:54 of 2nd period - Shot by Robert Thomas.
13:54 of 2nd period - Shot Misses the Net.
13:56 of 2nd period - Shot by Cale Makar.
13:56 of 2nd period - Stopped by Braden Holtby with a rebound.
14:15 of 2nd period - Icing by Noah Dobson.
14:16 of 2nd period - Alexander Wennberg wins face-off versus Josh Norris in COLORADO Avalanche zone.
14:16 of 2nd period - Alexander Wennberg is hit by Josh Norris.
15:22 of 2nd period - Shot by Philip Tomasino.
15:22 of 2nd period - Stopped by Connor Hellebuyck with a rebound.
16:00 of 2nd period - Icing by John Tavares.
16:01 of 2nd period - Claude Giroux wins face-off versus John Tavares in OTTAWA Senators zone.
16:02 of 2nd period - Shot by Johnny Gaudreau.
16:02 of 2nd period - Shot Misses the Net.
16:04 of 2nd period - Shot by Christian Djoos.
16:04 of 2nd period - Stopped by Connor Hellebuyck without a rebound.
16:05 of 2nd period - Filip Chytil wins face-off versus Claude Giroux in OTTAWA Senators zone.
16:05 of 2nd period - Filip Chytil is hit by Anthony Mantha.
16:38 of 2nd period - Off-side.
16:39 of 2nd period - Josh Norris wins face-off versus Philip Tomasino in neutral zone.
16:39 of 2nd period - Josh Norris is hit by Maxime Comtois.
16:43 of 2nd period - Brenden Dillon is hit by Josh Norris and loses puck.
17:00 of 2nd period - Josh Norris is hit by Maxime Comtois and loses puck.
17:22 of 2nd period - Shot by Adrian Kempe.
17:22 of 2nd period - Shot Hit the Post.
17:38 of 2nd period - Shot by Alex Tuch.
17:38 of 2nd period - Deflect By John Tavares.
17:38 of 2nd period - Shot Blocked by Nikita Tryamkin.
17:48 of 2nd period - Alex Tuch is hit by Maxime Comtois.
17:49 of 2nd period - Icing by Alex Tuch.
17:50 of 2nd period - John Tavares wins face-off versus Claude Giroux in OTTAWA Senators zone.
17:50 of 2nd period - Alex Tuch is hit by Anthony Mantha.
17:57 of 2nd period - Icing by Charlie McAvoy.
17:58 of 2nd period - Claude Giroux wins face-off versus John Tavares in OTTAWA Senators zone.
18:07 of 2nd period - Shot by Christian Djoos.
18:07 of 2nd period - Stopped by Connor Hellebuyck without a rebound.
18:08 of 2nd period - Johnny Gaudreau wins face-off versus Robert Thomas in OTTAWA Senators zone.
18:31 of 2nd period - Shot by Jeff Petry .
18:31 of 2nd period - Shot Misses the Net.
18:38 of 2nd period - Off-side.
18:39 of 2nd period - Steven Stamkos wins face-off versus Alexander Wennberg in neutral zone.
Goals for this period are 0 for COLORADO Avalanche vs 1 for OTTAWA Senators.
Shots for this period are 11 for COLORADO Avalanche vs 2 for OTTAWA Senators.

3rd period


0:01 of 3rd period - Claude Giroux wins face-off versus John Tavares in neutral zone.
0:11 of 3rd period - Shot by Anthony Mantha.
0:11 of 3rd period - Deflect By Johnny Gaudreau.
0:11 of 3rd period - Stopped by Connor Hellebuyck without a rebound.
0:12 of 3rd period - Alexander Wennberg wins face-off versus Josh Norris in OTTAWA Senators zone.
0:12 of 3rd period - Artemi Panarin is hit by Travis Sanheim.
0:39 of 3rd period - Icing by Noah Dobson.
0:40 of 3rd period - John Tavares wins face-off versus Artemi Panarin in COLORADO Avalanche zone.
0:41 of 3rd period - Shot by Charlie McAvoy.
0:41 of 3rd period - Stopped by Braden Holtby with a rebound.
0:54 of 3rd period - Steven Stamkos is hit by Noah Dobson and loses puck.
0:58 of 3rd period - Icing by Noah Dobson.
0:59 of 3rd period - Alexander Wennberg wins face-off versus Filip Chytil in COLORADO Avalanche zone.
2:31 of 3rd period - Icing by Brenden Dillon.
2:32 of 3rd period - John Tavares wins face-off versus Philip Tomasino in COLORADO Avalanche zone.
2:32 of 3rd period - John Tavares is hit by Brenden Dillon.
3:26 of 3rd period - Off-side.
3:27 of 3rd period - Claude Giroux wins face-off versus Josh Norris in neutral zone.
4:06 of 3rd period - Shot by Martin Necas.
4:06 of 3rd period - Shot Misses the Net.
5:07 of 3rd period - Icing by Oliver Kylington.
5:08 of 3rd period - Alexander Wennberg wins face-off versus John Tavares in COLORADO Avalanche zone.
5:31 of 3rd period - Shot by Artemi Panarin.
5:31 of 3rd period - Shot Blocked by Steven Stamkos.
6:03 of 3rd period - Shot by Philip Tomasino.
6:03 of 3rd period - Deflect By Maxime Comtois.
6:03 of 3rd period - Goal by Maxime Comtois - COLORADO Avalanche : 2 - OTTAWA Senators : 2.
6:04 of 3rd period - Filip Chytil wins face-off versus Maxime Comtois in neutral zone.
6:29 of 3rd period - Shot by Cale Makar.
6:29 of 3rd period - Shot Blocked by Brenden Dillon.
6:48 of 3rd period - Robert Thomas is hit by Brenden Dillon and loses puck.
7:15 of 3rd period - Shot by Evan Bouchard.
7:15 of 3rd period - Shot Misses the Net.
7:24 of 3rd period - Martin Necas is hit by Nikita Tryamkin and loses puck.
7:38 of 3rd period - Martin Frk is hit by Adrian Kempe and loses puck.
8:07 of 3rd period - Shot by Jeff Petry .
8:07 of 3rd period - Shot Misses the Net.
9:03 of 3rd period - Shot by Owen Tippett.
9:03 of 3rd period - Shot Blocked by Oliver Kylington.
9:05 of 3rd period - Shot by Mark Kastelic.
9:05 of 3rd period - Stopped by Braden Holtby without a rebound.
9:06 of 3rd period - Filip Chytil wins face-off versus Alexander Wennberg in COLORADO Avalanche zone.
9:10 of 3rd period - Robert Thomas is hit by Noah Dobson and loses puck.
9:19 of 3rd period - Shot by Alexander Wennberg.
9:19 of 3rd period - Stopped by Connor Hellebuyck without a rebound.
9:20 of 3rd period - Josh Norris wins face-off versus Glenn Gawdin in OTTAWA Senators zone.
9:59 of 3rd period - Off-side.
10:00 of 3rd period - John Tavares wins face-off versus Alexander Wennberg in neutral zone.
10:03 of 3rd period - Shot by Steven Stamkos.
10:03 of 3rd period - Shot Misses the Net.
10:26 of 3rd period - Alex Tuch is hit by Jeff Petry and loses puck.
10:29 of 3rd period - Shot by John Tavares.
10:29 of 3rd period - Shot Misses the Net.
11:16 of 3rd period - Shot by Claude Giroux.
11:16 of 3rd period - Shot Blocked by Evan Bouchard.
11:18 of 3rd period - Shot by Anthony Mantha.
11:18 of 3rd period - Shot Misses the Net.
11:20 of 3rd period - Shot by Claude Giroux.
11:20 of 3rd period - Deflect By Johnny Gaudreau.
11:20 of 3rd period - Shot Blocked by Alexander Edler.
11:22 of 3rd period - Shot by Noah Dobson.
11:22 of 3rd period - Stopped by Connor Hellebuyck with a rebound.
11:35 of 3rd period - Shot by Johnny Gaudreau.
11:35 of 3rd period - Shot Misses the Net.
11:37 of 3rd period - Shot by Anthony Mantha.
11:37 of 3rd period - Shot Blocked by Alexander Edler.
11:39 of 3rd period - Shot by Noah Dobson.
11:39 of 3rd period - Stopped by Connor Hellebuyck without a rebound.
11:40 of 3rd period - Josh Norris wins face-off versus Philip Tomasino in OTTAWA Senators zone.
11:49 of 3rd period - Shot by Martin Frk.
11:49 of 3rd period - Shot Hit the Post.
13:30 of 3rd period - Anze Kopitar is hit by Zach Werenski and loses puck.
13:39 of 3rd period - Shot by Alexander Wennberg.
13:39 of 3rd period - Stopped by Connor Hellebuyck without a rebound.
13:40 of 3rd period - Philip Tomasino wins face-off versus Filip Chytil in OTTAWA Senators zone.
14:30 of 3rd period - Icing by Nikita Tryamkin.
14:31 of 3rd period - Philip Tomasino wins face-off versus John Tavares in COLORADO Avalanche zone.
14:33 of 3rd period - Martin Frk is hit by Steven Stamkos and loses puck.
15:05 of 3rd period - Icing by Brenden Dillon.
15:06 of 3rd period - Philip Tomasino wins face-off versus Mark Kastelic in COLORADO Avalanche zone.
15:23 of 3rd period - Shot by Peyton Krebs.
15:23 of 3rd period - Shot Blocked by Brenden Dillon.
16:17 of 3rd period - Shot by Adrian Kempe.
16:17 of 3rd period - Stopped by Braden Holtby without a rebound.
16:18 of 3rd period - John Tavares wins face-off versus Alexander Wennberg in COLORADO Avalanche zone.
16:31 of 3rd period - Shot by Zach Werenski.
16:31 of 3rd period - Shot Misses the Net.
16:37 of 3rd period - Shot by Zach Werenski.
16:37 of 3rd period - Shot Misses the Net.
16:39 of 3rd period - Shot by John Tavares.
16:39 of 3rd period - Shot Misses the Net.
16:41 of 3rd period - Shot by John Tavares.
16:41 of 3rd period - Stopped by Braden Holtby without a rebound.
16:42 of 3rd period - Adam Ruzicka wins face-off versus Josh Norris in COLORADO Avalanche zone.
18:37 of 3rd period - Shot by John Tavares.
18:37 of 3rd period - Stopped by Braden Holtby without a rebound.
18:38 of 3rd period - Filip Chytil wins face-off versus Claude Giroux in COLORADO Avalanche zone.
18:56 of 3rd period - Icing by Zach Werenski.
18:57 of 3rd period - Filip Chytil wins face-off versus Philip Tomasino in OTTAWA Senators zone.
18:57 of 3rd period - Filip Chytil is hit by Maxime Comtois.
19:26 of 3rd period - Filip Chytil is hit by Nikita Tryamkin and loses puck.
19:33 of 3rd period - Shot by Martin Frk.
19:33 of 3rd period - Shot Misses the Net.
19:35 of 3rd period - Shot by Brenden Dillon.
19:35 of 3rd period - Shot Misses the Net.
19:57 of 3rd period - Cale Makar is hit by Johnny Gaudreau and loses puck.
Goals for this period are 1 for COLORADO Avalanche vs 0 for OTTAWA Senators.
Shots for this period are 6 for COLORADO Avalanche vs 5 for OTTAWA Senators.

Overtime #1


0:01 of 1st overtime period - Alexander Wennberg wins face-off versus Steven Stamkos in neutral zone.
0:12 of 1st overtime period - Shot by Alexander Wennberg.
0:12 of 1st overtime period - Stopped by Connor Hellebuyck with a rebound.
0:17 of 1st overtime period - Off-side.
0:18 of 1st overtime period - Alexander Wennberg wins face-off versus Steven Stamkos in neutral zone.
0:58 of 1st overtime period - John Tavares is hit by Oliver Kylington and loses puck.
1:27 of 1st overtime period - Shot by Josh Norris.
1:27 of 1st overtime period - Shot Blocked by Anthony Mantha.
1:45 of 1st overtime period - Shot by Anthony Mantha.
1:45 of 1st overtime period - Deflect By Philip Tomasino.
1:45 of 1st overtime period - Stopped by Connor Hellebuyck without a rebound.
1:46 of 1st overtime period - Alexander Wennberg wins face-off versus Steven Stamkos in OTTAWA Senators zone.
1:55 of 1st overtime period - Shot by Alexander Wennberg.
1:55 of 1st overtime period - Stopped by Connor Hellebuyck without a rebound.
1:56 of 1st overtime period - Steven Stamkos wins face-off versus Alexander Wennberg in OTTAWA Senators zone.
2:05 of 1st overtime period - Shot by Steven Stamkos.
2:05 of 1st overtime period - Stopped by Braden Holtby without a rebound.
2:06 of 1st overtime period - Alexander Wennberg wins face-off versus Steven Stamkos in COLORADO Avalanche zone.
2:41 of 1st overtime period - Icing by Oliver Kylington.
2:42 of 1st overtime period - Alexander Wennberg wins face-off versus Josh Norris in COLORADO Avalanche zone.
2:52 of 1st overtime period - Icing by Josh Norris.
2:53 of 1st overtime period - Philip Tomasino wins face-off versus Josh Norris in OTTAWA Senators zone.
3:33 of 1st overtime period - Off-side.
3:34 of 1st overtime period - Steven Stamkos wins face-off versus Alexander Wennberg in neutral zone.
3:37 of 1st overtime period - Shot by John Tavares.
3:37 of 1st overtime period - Stopped by Braden Holtby without a rebound.
3:38 of 1st overtime period - Steven Stamkos wins face-off versus Alexander Wennberg in COLORADO Avalanche zone.
3:59 of 1st overtime period - Shot by John Tavares.
3:59 of 1st overtime period - Shot Misses the Net.
4:04 of 1st overtime period - Off-side.
4:05 of 1st overtime period - Steven Stamkos wins face-off versus Alexander Wennberg in neutral zone.
4:18 of 1st overtime period - Shot by John Tavares.
4:18 of 1st overtime period - Stopped by Braden Holtby without a rebound.
4:19 of 1st overtime period - Steven Stamkos wins face-off versus Alexander Wennberg in COLORADO Avalanche zone.
Goals for this period are 0 for COLORADO Avalanche vs 0 for OTTAWA Senators.
Shots for this period are 3 for COLORADO Avalanche vs 3 for OTTAWA Senators.

ShootOut


5:00 of 1st overtime period - Round #1.
5:00 of 1st overtime period - COLORADO Avalanche , Johnny Gaudreau.
5:00 of 1st overtime period - Shot Misses the Net.
5:00 of 1st overtime period - OTTAWA Senators, John Tavares.
5:00 of 1st overtime period - Shot Misses the Net.
5:00 of 1st overtime period - Round #2.
5:00 of 1st overtime period - COLORADO Avalanche , Claude Giroux.
5:00 of 1st overtime period - Shot Misses the Net.
5:00 of 1st overtime period - OTTAWA Senators, Alex Tuch.
5:00 of 1st overtime period - Stopped by Braden Holtby.
5:00 of 1st overtime period - Round #3.
5:00 of 1st overtime period - COLORADO Avalanche , Artemi Panarin.
5:00 of 1st overtime period - Goal by Artemi Panarin.
5:00 of 1st overtime period - OTTAWA Senators, Martin Necas.
5:00 of 1st overtime period - Stopped by Braden Holtby.